 Seeded DCSS version 0.30-a0-715-gdb4ae3ece1 (webtiles) character file.

Game seed: 17543857038586890609 (custom seed)

1 flotson the Sneak (level 1, -2/18 HPs)
             Began as a Demonspawn Delver on Jan 24, 2023.
             Slain by a hound (4 damage)
             ... on level 5 of the Dungeon.
             The game lasted 00:00:14 (146 turns).

flotson the Sneak (Demonspawn Delver)                Turns: 146, Time: 00:00:15

Health: -2/18      AC:  3    Str: 12    XL:     1   Next: 16%
Magic:  1/1        EV: 11    Int: 11    God:
Gold:   0          SH:  0    Dex: 14    Spells: 0/0 levels left

rFire   . . .      SeeInvis .    a - +0 hand axe
rCold   . . .      Faith    .    (no shield)
rNeg    . . .      Spirit   .    b - +0 leather armour
rPois   .          Reflect  .    (no helmet)
rElec   .          Harm     .    (no cloak)
rCorr   .          Rampage  .    (no gloves)
Will    .....                    (no boots)
Stlth   ++                       (no amulet)
HPRegen 0.23/turn                (no ring)
MPRegen 0.07/turn                (no ring)

@: hasted, very quick
A: no striking features
a: no special abilities


You were on level 5 of the Dungeon.
You visited 1 branch of the dungeon, and saw 1 of its levels.

Inventory:

Hand Weapons
 a - a +0 hand axe (weapon)
Armour
 b - a +0 leather armour (worn)
Wands
 g - a wand of digging (3)
Scrolls
 c - a scroll of fog
 d - a scroll of magic mapping
 e - a scroll of fear


   Skills:
 + Level 3.0 Fighting
 + Level 1.7 Axes
 + Level 0.0 Armour
 + Level 1.8 Dodging
 + Level 4.5 Stealth
 + Level 0.0 Evocations


You couldn't memorise any spells.
You didn't know any spells.
Your spell library was empty.

Dungeon Overview and Level Annotations

Branches:
Dungeon (5/15)
 Temple: D:4-7

Altars:


Message History

A hound comes into view.
Found 20 gold pieces.
Found 11 gold pieces.
You feel yourself speed up.
The hound barks!
You barely miss the hound. The hound barely misses you.
You closely miss the hound. The hound closely misses you.
You hit the hound but do no damage. The hound bites you but does no damage.
The hound bites you.
You miss the hound. The hound bites you but does no damage.
You barely miss the hound. The hound barely misses you.
You closely miss the hound. The hound closely misses you.
You hit the hound.
The hound is lightly wounded.
The hound bites you. The hound closely misses you.
You hit the hound but do no damage.
The hound is lightly wounded.
The hound bites you.
* * * LOW HITPOINT WARNING * * *
You hit the hound.
The hound is lightly wounded.
The hound bites you.
* * * LOW HITPOINT WARNING * * *
You hit the hound but do no damage.
The hound is lightly wounded.
The hound bites you.
* * * LOW HITPOINT WARNING * * *
You closely miss the hound.
The hound is lightly wounded.
The hound closely misses you.
You closely miss the hound.
The hound is lightly wounded.
The hound bites you but does no damage.
You hit the hound but do no damage.
The hound is lightly wounded.
The hound bites you but does no damage.
You hit the hound.
The hound is heavily wounded.
The hound bites you.
You die...

### #~# + ##.. #
###~# .# #....
###~~~# ##.###.#..
#~#~~## ...$....
~~#~#~# ###.....##..
~~#~#~# ..^......
##~~#~# ######.#h..#
.# #~##~#
.......#@#.#....
#~##~# #..##.......#
#~##~#
#.......#......
##~##~#
#..#....#....#.
####~~#
##......#...... ##
#~~#
######.......##. ~#
#~~# #......#.#.#...
~#
#~####.####.#...#.#$
~#
#~#.##.##.........


You could see a hound.

Vanquished Creatures
  A quokka (D:5)
1 creature vanquished.

Notes
Turn   | Place    | Note
-------+----------+-------------------------------------------
     0 | D:5      | flotson the Demonspawn Delver began the quest for the Orb.
     0 | D:5      | Reached XP level 1. HP: 18/18 MP: 1/1
   126 | D:5      | Noticed a hound
   146 | D:5      | Slain by a hound

Illustrated notes

Levels and vault maps discovered:
D:5:      nicolae_cairo_tiling_large_dashed, layout_loops_corners,
          nicolae_gozag_seed_capital, minmay_overflow_temple_star_quad,
          serial_rivers, chequers_serial_rivers_micro_e,
          chequers_serial_rivers_large_b, chequers_serial_rivers_micro_c,
          chequers_serial_rivers_room_b, roderic_lattice_a,
          nicolae_shop_unique_rings, grunt_ministairs_10

Action                     || total
---------------------------++-------
  Melee: Hand axe          ||    20
    Use: Potion            ||     1
 Armour: Leather armour    ||     6
  Dodge: Dodged            ||     9

Table legend: (Time is in decaauts)
 A = Elapsed time spent in this place.
 B = Non-inter-level travel time spent in this place.
 C = Inter-level travel time spent in this place.
 D = Time resting spent in this place.
 E = Time spent auto-exploring this place.
 F = Levels seen in this place.
 G = Mean time per level.
                   A        B        C        D        E       F      G
               +--------+--------+--------+--------+--------+-----+--------+
         Total |    172 |    172 |      0 |      0 |    133 |   1 |  172.0 |
       Dungeon |    172 |    172 |      0 |      0 |    133 |   1 |  172.0 |
               +--------+--------+--------+--------+--------+-----+--------+

Top non-repeatable levels by time:
     D:5: 172 daAuts
